 Dungeon Crawl Stone Soup version 0.31-a0-277-g31ea1f65cc (webtiles) character file.

Game seed: 15610155673094860671

41358 Newt the Skirmisher (level 13, -15/108 HPs)
             Began as a Demonspawn Gladiator on July 15, 2023.
             Was a High Priest of Hepliaklqana.
             Demolished by a catoblepas (18 damage)
             ... on level 5 of the Lair of Beasts.
             The game lasted 00:18:27 (12611 turns).

Newt the Skirmisher (Demonspawn Gladiator)         Turns: 12611, Time: 00:18:28

Health: -15/108    AC: 21    Str: 17    XL:     13   Next: 79%
Magic:  19/19      EV: 13    Int:  9    God:    Hepliaklqana [*****.]
Gold:   539        SH:  0    Dex: 21    Spells: 12/12 levels left

rFire   . . .        h - +3 triple crossbow (flame)
rCold   . . .        (shield currently unavailable)
rNeg    . . .        F - +7 chain mail {ponderous}
rPois   .            Q - +1 hat
rElec   .            (cloak unavailable)
rCorr   .            B - +0 pair of gloves {Dex+3}
SInv    .            (no boots)
Will    .....        P - amulet of the acrobat Stlth
                     f - ring of wizardry
HPRegen 0.38/turn    T - ring of wizardry
MPRegen 0.16/turn

%: acrobat, wizardry (x2)
@: slowed, very slow
A: reduced essence, icy blue scales 1, powered by death 3, robust 1,
condensation shield, weakness stinger 3
a: Renounce Religion, Recall Ancestor, Ancestor Identity, Transference, Idealise


You were on level 5 of the Lair of Beasts.
You worshipped Hepliaklqana.
Hepliaklqana was extremely pleased with you.
You visited 3 branches of the dungeon, and saw 14 of its levels.
You also visited: Ossuary.

You collected 845 gold pieces.
You spent 306 gold pieces at shops.

Inventory:

Hand Weapons
 a - a +0 rapier
 e - a +0 dagger of venom
 h - a +3 triple crossbow of flaming (weapon)
Missiles
 d - 3 throwing nets
 m - 3 javelins
Armour
 b - a +0 leather armour
 c - a +0 helmet
 B - a +0 pair of gloves of dexterity (worn)
 C - a +0 cloak of willpower
 F - a +7 chain mail of ponderousness (worn)
 H - the +2 ring mail "Ytegor" {Rampage rF- rN++ Str+2}
   (You bought it in a shop on level 8 of the Dungeon)

   Str:       It affects your strength (+2).
   rF:        It makes you vulnerable to fire.
   rN:        It greatly protects you from negative energy.
   Rampage:   It bestows one free step when moving towards enemies.
 Q - a +1 hat (worn)
Jewellery
 f - a ring of wizardry (left hand)
 P - an amulet of the acrobat (around neck)
 T - a ring of wizardry (right hand)
Wands
 t - a wand of iceblast (3)
 D - a wand of digging (6)
 G - a wand of paralysis (7)
 L - a wand of mindburst (10)
Scrolls
 n - 4 scrolls of immolation
 q - 2 scrolls of silence
 u - 2 scrolls of fog
 v - a scroll of summoning {unknown}
 w - 3 scrolls of teleportation
 x - 2 scrolls of fear
 y - 2 scrolls of blinking
 E - 2 scrolls of revelation {unknown}
 I - a scroll of enchant armour {unknown}
 K - a scroll of brand weapon {unknown}
 O - a scroll of enchant weapon
 S - a scroll of amnesia {unknown}
Potions
 g - 3 potions of haste
 i - 3 potions of curing
 j - 2 potions of cancellation
 k - 3 potions of enlightenment
 l - 2 potions of brilliance
 o - 4 potions of invisibility
 p - 4 potions of mutation
 r - 2 potions of magic
 s - 4 potions of heal wounds
 z - a potion of lignification
 A - 2 potions of attraction
 J - a potion of berserk rage
 M - a potion of resistance
 N - 2 potions of might
 R - 4 potions of ambrosia


   Skills:
 - Level 12.0 Fighting
 - Level 2.6 Short Blades
 - Level 14.0 Ranged Weapons
 - Level 1.7 Throwing
 - Level 5.0 Armour
 - Level 9.3 Dodging
 - Level 0.5 Stealth
 - Level 9.0 Invocations
 + Level 7.2 Evocations


You had 12 spell levels left.
You didn't know any spells.
Your spell library contained the following spells:

 Spells                   Type           Power      Damage    Failure   Level
 Apportation              Tloc           0%         N/A       65%         1
 Magic Dart               Conj           0%         1d3       65%         1
 Necrotise                Necr           0%         1d4       65%         1
 Slow                     Hex            0%         N/A       65%         1
 Sting                    Tmut/Pois      0%         1d3       65%         1
 Summon Small Mammal      Summ           0%         N/A       65%         1
 Call Imp                 Summ           0%         N/A       78%         2
 Poisonous Vapours        Pois/Air       0%         N/A       78%         2
 Confusing Touch          Hex            0%         N/A       94%         3
 Mephitic Cloud           Conj/Pois/Air  0%         N/A       94%         3
 Vampiric Draining        Necr           0%         2d6       94%         3
 Olgreb's Toxic Radiance  Pois           0%         N/A       100%        4
 Passage of Golubria      Tloc           0%         N/A       100%        4
 Iskenderun's Battlesphe  Conj           0%         2d6       100%        5
 Silence                  Hex/Air        0%         N/A       100%        5
 Summon Forest            Summ/Tloc      0%         N/A       100%        5
 Summon Mana Viper        Hex/Summ       0%         N/A       100%        5
 Leda's Unmaking          Conj/Erth      0%         9d1       100%        6
 Summon Cactus Giant      Summ           0%         N/A       100%        6
 Spellforged Servitor     Conj/Summ      0%         N/A       100%        7
 Lehudib's Crystal Spear  Conj/Erth      0%         10d2      100%        8


Dungeon Overview and Level Annotations

Branches:
Dungeon (8/15)             Temple (1/1) D:5            Lair (5/5) D:8
 Shoals (0/4) Lair:2       Spider (0/4) Lair:3        Slime (0/5) Lair:5
Ossuary (visited)

Altars:
Ashenzari
Cheibriados
Dithmenos
Fedhas
Gozag
Hepliaklqana
Kikubaaqudgha
Makhleb
Nemelex Xobeh
Okawaru
Ru
Sif Muna
Trog
Uskayaw
Wu Jian
Xom
Yredelemnul

Shops:
D:2 [   D:4 (   D:6 *:   D:8 [

Annotations:
D:6 3 runed translucent doors, IYTBazzie's ghost, novice VSWn


Innate Abilities, Weirdness & Mutations

Your life essence is reduced to manifest your ancestor. (-10% HP)
You are partially covered in icy blue scales. (AC +2)
You regenerate a lot of health from kills.
You are robust. (+10% HP)
A meltable shield of frost defends you. (SH +0)
You have a sharp stinger which inflicts weakening toxins.


Message History

The death yak is moving more slowly.
The catoblepas gores you but does no damage.
The manticore is engulfed in calcifying dust.
The dream sheep is engulfed in calcifying dust.
The dream sheep is moving more slowly.
The catoblepas gores you!
The manticore is engulfed in calcifying dust.
Fire: h) +3 triple crossbow (flame)
Press: ? - help, Shift-Dir - straight line, f/p - catoblepas
Aim: a catoblepas (heavily wounded, 92% to hit)
You shoot a bolt. The bolt hits the catoblepas!
The bolt burns the catoblepas.
The catoblepas is severely wounded.
The catoblepas barely misses you. You block the catoblepas's attack.
The torpor snail misses you.
Unknown command.
You shoot a bolt. The bolt hits the catoblepas.
The bolt burns the catoblepas.
The catoblepas is severely wounded.
The lindwurm is no longer petrified.
The dream sheep stops moving altogether!
The death yak stops moving altogether!
You block the catoblepas's attack. The torpor snail barely misses you.
The catoblepas gores you but does no damage.
The torpor snail bites you but does no damage.
The catoblepas gores you.
Unknown command.
You shoot a bolt. The bolt barely misses the catoblepas.
The catoblepas gores you but does no damage.
The lindwurm breathes flames at you. The blast of flame hits you!
Your condensation shield dissipates!
* * * LOW HITPOINT WARNING * * *
The torpor snail bites you!
* * * LOW HITPOINT WARNING * * *
The catoblepas misses you.
The lindwurm bites you but does no damage.
The lindwurm misses you.
The lindwurm claws you but does no damage.
The torpor snail bites you!
* * * LOW HITPOINT WARNING * * *
The catoblepas gores you!!
You die...

........# #..††.P#####...##
........## #.#Y#..######..##
.........# .w #...##.#....#
.........# ###}. #w..#......#.
.........# ##.## #...##......#
...#..#### ##..P#####..###......#
.....## #....#.Y....# #.......
....## ###....wY....# ###.....
....# #.....@kH..#.# #......
..### #P.†..Y#...### ###.....
..## ##..#.#.#...# #.#.....
...#######.†.#...##### ##.......
.÷.#....##P.†#...########........
..#...P..#...#...#.....##........
....PP...##..#####.....###.......
....#≈≈≈###P...#.#.....# ##......
.....§§≈# #......#.....# ##..†.#


You could see a death yak (petrified), a catoblepas, a torpor snail, a manticore
(petrified), a lindwurm (catching breath) and a dream sheep (petrified).

Vanquished Creatures
  3 hydras
  3 death yaks (Lair:5)
  5 skysharks
  A lindwurm (Lair:4)
  3 oklob plants (Lair:4)
  4 elephants
  A merfolk siren (Lair:2)
  2 black mambas
  8 cane toads
  5 rime drakes
  10 komodo dragons
  A queen bee (Lair:3)
  A polar bear (Lair:5)
  19 blink frogs
  A slime creature (Lair:5)
  2 dream sheep (Lair:5)
  7 wyverns
  39 yaks
  3 redbacks (Lair:3)
  5 basilisks
  Duvessa (D:7)
  4 water moccasins
  2 orc warriors
  An ice beast (D:8)
  13 wolves
  An ogre (D:4)
  A centaur (D:7)
  A phantom (D:5)
  A kobold brigand (D:7)
  4 bullfrogs
  5 scorpions
  12 wights
  Dowan (D:7)
  27 killer bees
  4 electric eels
  6 howler monkeys
  2 centaur zombies (Ossuary)
  3 hounds
  2 jellies
  A sleepcap (D:8)
  5 orc priests
  Crazy Yiuf (D:7)
  4 iguanas
  Ijyb (D:4)
  2 orc wizards
  4 hell rats (Lair:4)
  2 mummies (Ossuary)
  Robin (D:2)
  3 gnolls (D:8)
  8 adders
  A river rat (Lair:3)
  3 white imps
  3 worms
  4 dart slugs
  21 orcs
  6 ball pythons
  2 bats (D:1)
  6 endoplasms
  9 giant cockroaches
  8 goblins
  8 hobgoblins
  4 jackals (D:1)
  13 kobolds
  5 quokkas
  7 frilled lizards
  3 gnoll zombies (Ossuary)
  2 hobgoblin zombies (Ossuary)
  An orc zombie (Ossuary)
  6 rats
358 creatures vanquished.

Vanquished Creatures (collateral kills)
  2 death yaks (Lair:5)
  A skyshark (Lair:5)
  An oklob plant (Lair:4)
  2 cane toads
  A rime drake (Lair:3)
  A komodo dragon (Lair:5)
  A polar bear (Lair:5)
  3 blink frogs
  3 slime creatures (Lair:5)
  9 yaks
  A basilisk (Lair:5)
  A steam dragon (D:8)
  4 water moccasins
  4 wolves
  2 bullfrogs
  A gnoll sergeant (D:8)
  A wight (D:7)
  3 killer bees (Lair:3)
  3 howler monkeys
  A hell rat (Lair:4)
  A river rat (Lair:3)
  2 orcs (D:8)
  2 kobolds (D:7)
50 creatures vanquished.

Vanquished Creatures (others)
  9 knights
  2 ancestors
  An ufetubus (D:4)
12 creatures vanquished.

Grand Total: 420 creatures vanquished

Notes
Turn   | Place    | Note
-------+----------+-------------------------------------------
     0 | D:1      | Newt the Demonspawn Gladiator began the quest for the Orb.
     0 | D:1      | Reached XP level 1. HP: 16/16 MP: 1/1
   351 | D:1      | Gained mutation: You regenerate a little health from kills.
                  | [demonic ancestry]
   351 | D:1      | Reached XP level 2. HP: 23/23 MP: 2/2
   711 | D:1      | Gained mutation: You are partially covered in icy blue
                  | scales. (AC +2) [demonic ancestry]
   711 | D:1      | Reached XP level 3. HP: 22/29 MP: 3/3
  1142 | D:2      | Identified a scroll of acquirement
  1142 | D:2      | Acquired a +2 triple crossbow of flaming
  1288 | D:2      | Noticed Robin
  1291 | D:2      | Killed Robin
  1293 | D:2      | Reached skill level 1 in Ranged Weapons
  1295 | D:2      | Gained mutation: You have a small tail. [demonic ancestry]
  1295 | D:2      | Reached XP level 4. HP: 32/37 MP: 4/4
  1354 | D:2      | Found a faded altar of an unknown god.
  1437 | D:2      | Found Fezylupo's Armour Shop.
  1690 | D:2      | Reached skill level 2 in Ranged Weapons
  1914 | D:3      | Identified the +3 sling of the Old World {flame, rElec
                  | rCorr Str-5 Dex+4 Stlth+}
  1924 | D:3      | Gained mutation: You regenerate health from kills. [demonic
                  | ancestry]
  1924 | D:3      | Reached XP level 5. HP: 42/42 MP: 5/5
  1999 | D:3      | Reached skill level 3 in Ranged Weapons
  2232 | D:3      | Noticed an angel
  2357 | D:3      | Found a burning altar of Makhleb.
  2357 | D:3      | Noticed a balrug
  2604 | D:4      | Noticed an ogre
  2608 | D:4      | Killed an ogre
  2609 | D:4      | Reached skill level 4 in Ranged Weapons
  2610 | D:4      | Gained mutation: You regenerate a lot of health from kills.
                  | [demonic ancestry]
  2610 | D:4      | Reached XP level 6. HP: 29/48 MP: 6/6
  2671 | D:4      | Found Liupteest's Weapon Shoppe.
  2758 | D:4      | Found a sand-covered staircase.
  2763 | Ossuary  | Entered an ossuary
  2800 | Ossuary  | Reached skill level 5 in Ranged Weapons
  3181 | D:4      | Noticed Ijyb
  3191 | D:4      | Killed Ijyb
  3453 | D:4      | Reached XP level 7. HP: 54/54 MP: 7/7
  3598 | D:4      | Reached skill level 6 in Ranged Weapons
  4066 | D:5      | Entered Level 5 of the Dungeon
  4068 | D:5      | Found a staircase to the Ecumenical Temple.
  4077 | Temple   | Entered the Ecumenical Temple
  4082 | Temple   | Became a worshipper of Hepliaklqana the Forgotten
  4127 | D:5      | Found an ornate altar of the Wu Jian Council.
  4155 | D:5      | Acquired a +0 pair of gloves of dexterity
  4239 | D:5      | Found a basalt altar of Yredelemnul.
  4269 | D:5      | Found an iron altar of Okawaru.
  4480 | D:5      | Reached skill level 7 in Ranged Weapons
  4664 | D:2      | Bought a +0 cloak of willpower for 126 gold pieces
  4878 | D:6      | Found Tomyem's Overcharged Wands.
  5003 | D:6      | Found Wint's Book Shop.
  5009 | D:6      | Reached * piety under Hepliaklqana
  5016 | D:6      | Gained mutation: You are robust. (+10% HP) [demonic
                  | ancestry]
  5016 | D:6      | Reached XP level 8. HP: 38/60 MP: 8/8
  5018 | D:6      | Reached skill level 8 in Ranged Weapons
  5223 | D:6      | Found a runed translucent gate.
  5223 | D:6      | Found a runed translucent gate.
  5223 | D:6      | Found a runed translucent gate.
  5225 | D:6      | Found an opulent altar of Gozag.
  5230 | D:6      | Noticed IYTBazzie's ghost (novice VSWn)
  5496 | D:7      | Noticed Duvessa
  5496 | D:7      | Noticed Dowan
  5503 | D:7      | Killed Duvessa
  5504 | D:7      | Reached skill level 9 in Ranged Weapons
  5509 | D:7      | Killed Dowan
  5713 | D:7      | Reached skill level 10 in Ranged Weapons
  5764 | D:7      | Gained mutation: You have a tail ending in a sharp stinger.
                  | [demonic ancestry]
  5764 | D:7      | Reached XP level 9. HP: 65/65 MP: 9/9
  5866 | D:7      | Found a runed translucent door.
  5867 | D:7      | Noticed Crazy Yiuf
  6124 | D:7      | Killed Crazy Yiuf
  6184 | D:8      | Reached ** piety under Hepliaklqana
  6185 | D:8      | Remembered your ancestor Arsinoe as a knight
  6263 | D:8      | Reached skill level 5 in Dodging
  6331 | D:8      | Found a snail-covered altar of Cheibriados.
  6357 | D:8      | Found Coifre's Antique Armour Shoppe.
  6368 | D:8      | Bought a citrine-encrusted ring mail for 180 gold pieces
  6368 | D:8      | Identified the +2 ring mail "Ytegor" {Rampage rF- rN++
                  | Str+2} (You bought it in a shop on level 8 of the Dungeon)
  6581 | D:8      | Found a staircase to the Lair.
  6615 | D:8      | Reached skill level 5 in Fighting
  6652 | D:8      | Found a bloodstained altar of Trog.
  6828 | D:8      | Found a hide-covered altar of Uskayaw.
  6887 | Lair:1   | Entered Level 1 of the Lair of Beasts
  6916 | Lair:1   | Noticed a komodo dragon
  6925 | Lair:1   | Killed a komodo dragon
  7029 | Lair:1   | Noticed a rime drake
  7030 | Lair:1   | Killed a rime drake
  7031 | Lair:1   | Reached XP level 10. HP: 80/80 MP: 10/10
  7037 | Lair:1   | Noticed a cane toad
  7043 | Lair:1   | Killed a cane toad
  7422 | Lair:1   | Found a shadowy altar of Dithmenos.
  7425 | Lair:1   | Reached *** piety under Hepliaklqana
  7485 | Lair:1   | Reached skill level 11 in Ranged Weapons
  7949 | Lair:2   | Noticed a black mamba
  7961 | Lair:1   | Killed a black mamba
  7962 | Lair:1   | Reached skill level 12 in Ranged Weapons
  8043 | Lair:2   | Gained mutation: You have a sharp stinger which inflicts
                  | weakening toxins. [demonic ancestry]
  8043 | Lair:2   | Reached XP level 11. HP: 89/89 MP: 11/11
  8111 | Lair:2   | Found a staircase to the Shoals.
  8162 | Lair:2   | Noticed a skyshark
  8168 | Lair:2   | Killed a skyshark
  8193 | Lair:2   | Reached skill level 13 in Ranged Weapons
  8231 | Lair:2   | Noticed an eight-headed hydra
  8233 | Lair:2   | Killed an eight-headed hydra
  8307 | Lair:2   | Noticed a six-headed hydra
  8310 | Lair:2   | Killed a six-headed hydra
  8342 | Lair:2   | Reached skill level 14 in Ranged Weapons
  8346 | Lair:2   | Reached skill level 1 in Evocations
  8682 | Lair:2   | Noticed a skyshark
  8687 | Lair:2   | Killed a skyshark
  8688 | Lair:2   | Reached skill level 5 in Evocations
  8841 | Lair:3   | Noticed a skyshark
  8853 | Lair:3   | Killed a skyshark
  8854 | Lair:3   | Reached XP level 12. HP: 95/95 MP: 12/12
  8910 | Lair:3   | Reached **** piety under Hepliaklqana
  9238 | Lair:3   | Reached skill level 5 in Armour
  9378 | Lair:3   | Found a hole to the Spider Nest.
 10252 | Lair:4   | Reached skill level 1 in Invocations
 10529 | Lair:4   | Reached ***** piety under Hepliaklqana
 10565 | Lair:4   | Reached skill level 5 in Invocations
 10636 | Lair:4   | Gained mutation: A meltable shield of frost defends you.
                  | (SH +0) [demonic ancestry]
 10636 | Lair:4   | Reached XP level 13. HP: 91/101 MP: 17/17
 11281 | Lair:5   | Entered Level 5 of the Lair of Beasts
 11882 | Lair:5   | Reached skill level 10 in Fighting
 12277 | Lair:5   | Found a staircase to the Slime Pits.
 12611 | Lair:5   | HP: 3/108 [torpor snail (9)]
 12611 | Lair:5   | Demolished by a catoblepas

Illustrated notes

Levels and vault maps discovered:
D:1:      minmay_arrival_wavy_path, layout_loops_ring, minmay_misc_feat_chi
D:2:      layout_loops_ring, shapermc_ecumenical_altar_totnotflames,
          serial_shops, shop, uniq_robin
D:3:      layout_loops_ring, zin_angel, makhleb_altar_promises_db,
          serial_bayou_ford_a
D:4:      layout_basic, nicolae_ossuary_entry_false_entrances, serial_shops,
          shop, uniq_ijyb
D:5:      layout_rooms, lemuel_round_altar, mainiacjoe_overflow_small_starburst,
          mainiacjoe_overflow_chevrons, kennysheep_mini_moat,
          minmay_temple_entry_junction, serial_curves, eino_curves_04,
          eino_curves_01, guppyfry_early_lair_pool
D:6:      layout_basic, serial_shops, nicolae_shop_hallway_plus,
          ebering_ghost_gozag, nicolae_shop_overcharged_wands
D:7:      layout_cave_pools, uniq_duvessa, uniq_crazy_yiuf_cottage
D:8:      layout_cave_pools, nicolae_uskayaw_suspiria, cheibrodos_worm_habitat,
          trog_butcher_becter, serial_shops, shop, nicolae_letterblocks
          [nicolae_letter_subblock, nicolae_letter_subblock,
          nicolae_letter_subblock, nicolae_letter_subblock,
          nicolae_letter_subblock, nicolae_letter_subblock,
          nicolae_letter_subblock, nicolae_letter_subblock,
          nicolae_letter_subblock, nicolae_letter_subblock,
          nicolae_letter_subblock, nicolae_letter_subblock,
          nicolae_letter_subblock, nicolae_letter_subblock,
          nicolae_letter_subblock, nicolae_letter_subblock,
          nicolae_letter_subblock, nicolae_letter_subblock,
          nicolae_letter_subblock, nicolae_letter_subblock,
          nicolae_letter_subblock, nicolae_letter_subblock,
          nicolae_letter_subblock, nicolae_letter_subblock,
          nicolae_letter_subblock]
Temple:   minmay_freezing_vapour_temple
Lair:1:   layout_concentric_octagons, basic_altar
Lair:2:   layout_chaotic_city, minmay_shoals_entry_lonely_mermaid,
          serial_bayou_lagoon_a
Lair:3:   regret_index_bee_streams, layout_small_grid, spider_nest_entry_webs,
          infiniplex_staircase_pool_2
Lair:4:   minmay_lair_oklob_tunnel, layout_cave_pods, grunt_megastairs_1,
          serial_bayou_shore_a
Lair:5:   hangedman_lair_in_review, layout_gridlike, guppyfry_lair_end_dragon,
          minmay_slime_entry_pillars, serial_bayou_shore_b

Skill      XL: |  1  2  3  4  5  6  7  8  9 10 11 12 13 |
---------------+----------------------------------------+-----
Fighting       | 3 4 7 9 12 | 12.0
Ranged Weapons | 1 2 4 5 7 10 12 14 | 14.0
Dodging        | 3 6 9 |  9.3
Evocations     | 6 7 |  7.2
Armour         | 2 5 |  5.0
Invocations    | 6 9 |  9.0
Short Blades   | |  2.6
Throwing       | |  1.7
Stealth        | |  0.5

Action                     |  1- 3 |  4- 6 |  7- 9 | 10-12 | 13-15 || total
---------------------------+-------+-------+-------+-------+-------++-------
  Melee: Rapier            |    98 |       |       |       |       ||    98
         Dagger            |    10 |       |       |       |       ||    10
   Fire: Triple crossbow   |    14 |   123 |   189 |   380 |   171 ||   877
  Throw: Javelin           |     1 |       |       |       |       ||     1
         Throwing net      |     1 |       |       |       |       ||     1
 Invoke: Ancestor Life: Kn |       |       |     1 |       |       ||     1
         Recall Ancestor   |       |       |       |     2 |     1 ||     3
    Use: Scroll            |     8 |     5 |     5 |     1 |     5 ||    24
         Potion            |       |     2 |     1 |     3 |     2 ||     8
   Stab: Sleeping          |     1 |       |       |       |       ||     1
         Distracted        |     1 |       |       |       |       ||     1
 Armour: Leather armour    |    41 |    48 |    20 |       |       ||   109
         Chain mail        |       |       |    32 |   229 |    91 ||   352
  Dodge: Dodged            |   118 |    75 |    70 |   264 |   129 ||   656
  Block: Other             |       |       |       |       |    37 ||    37

Table legend: (Time is in decaauts)
 A = Elapsed time spent in this place.
 B = Non-inter-level travel time spent in this place.
 C = Inter-level travel time spent in this place.
 D = Time resting spent in this place.
 E = Time spent auto-exploring this place.
 F = Levels seen in this place.
 G = Mean time per level.
                   A        B        C        D        E       F      G
               +--------+--------+--------+--------+--------+-----+--------+
         Total |  13984 |  13359 |    625 |   2270 |   8274 |  15 |  932.3 |
       Dungeon |   7022 |   6640 |    382 |   1069 |   4310 |   8 |  877.8 |
        Temple |     10 |      5 |      5 |      0 |      0 |   1 |   10.0 |
          Lair |   6661 |   6424 |    237 |   1153 |   3854 |   5 | 1332.2 |
       Ossuary |    289 |    289 |      0 |     48 |    110 |   1 |  289.0 |
               +--------+--------+--------+--------+--------+-----+--------+

Top non-repeatable levels by time:
  Lair:4: 1658 daAuts
  Lair:3: 1612 daAuts
     D:4: 1392 daAuts
  Lair:1: 1274 daAuts
  Lair:5: 1156 daAuts
     D:2: 985 daAuts
  Lair:2: 960 daAuts
     D:1: 937 daAuts
     D:8: 845 daAuts
     D:6: 773 daAuts
     D:7: 755 daAuts
     D:3: 752 daAuts
     D:5: 580 daAuts
 Ossuary: 289 daAuts
  Temple: 10 daAuts
